 Dungeon Crawl Stone Soup version 0.29.1-1-gd02db6906a (webtiles) character file.

Game seed: 10041770370011661839

49 quakins the Cudgeller (level 4, -2/35 HPs)
             Began as a Formicid Abyssal Knight on Oct 20, 2022.
             Was a Priest of Lugonu.
             Frozen to death by an endoplasm (3 damage)
             ... on level 2 of the Dungeon.
             The game lasted 00:02:41 (1210 turns).

quakins the Cudgeller (Formicid Abyssal Knight)     Turns: 1210, Time: 00:02:42

Health: -2/35      AC:  8    Str: 20    XL:     4   Next: 1%
Magic:  2/5        EV:  7    Int:  9    God:    Lugonu [***...]
Gold:   65         SH:  0    Dex: 14    Spells: 3/3 levels left

rFire   . . .      SeeInvis +   a - +1 mace
rCold   . . .      Faith    .   (no shield)
rNeg    . . .      Spirit   .   k - +0 chain mail
rPois   .          Reflect  .   (helmet unavailable)
rElec   .          Harm     .   (no cloak)
rCorr   .          Rampage  .   (no gloves)
Will    .....                   (no boots)
Stlth   ..........              (no amulet)
HPRegen 0.11/turn               (no ring)
MPRegen 0.09/turn               (no ring)

@: no status effects
A: permanent stasis, dig shafts and tunnels, antennae 3, four strong arms
a: Dig, Shaft Self, Renounce Religion, Depart the Abyss, Bend Space, Banish


You were on level 2 of the Dungeon.
You worshipped Lugonu.
Lugonu was most pleased with you.
You visited 1 branch of the dungeon, and saw 2 of its levels.
You visited the Abyss 1 time.

You collected 65 gold pieces.

Inventory:

Hand Weapons
 a - a +1 mace (weapon)
Armour
 k - a +0 chain mail (worn)
Scrolls
 b - a scroll of magic mapping {unknown}
 d - a scroll of torment {unknown}
 f - 5 scrolls of identify {unknown}
 g - 2 scrolls of summoning {unknown}
 h - a scroll of immolation {unknown}
 j - a scroll of teleportation {unknown}
Potions
 c - a potion of attraction {unknown}
 e - a potion of curing
 i - a potion of haste {unknown}


   Skills:
 - Level 3.2 Fighting
 + Level 4.0 Maces & Flails
 - Level 2.1 Armour
 - Level 0.8 Dodging
 - Level 2.1 Invocations


You had 3 spell levels left.
You didn't know any spells.
Your spell library was empty.

Dungeon Overview and Level Annotations

Branches:
Dungeon (2/15)

Altars:


Innate Abilities, Weirdness & Mutations

You cannot be hasted, slowed, berserked, paralysed or teleported.
You can dig through walls and to a lower floor.
You have a pair of large antennae on your head. (SInv)
Your four strong arms can wield two-handed weapons with a shield.


Message History

The gnoll barely misses you. Space bends violently around you!
You blink.
A kobold comes into view. It is wielding a +0 short sword.
Found an escape hatch in the floor.
The kobold throws a stone.
The stone hits you but does no damage.
An adder comes into view.
The adder hisses angrily.
Space bends violently around you!
You blink.
The kobold blinks!
The adder barely misses you. The adder barely misses you.
Space bends violently around you!
You blink.
An endoplasm and a quokka come into view.
Found 15 gold pieces.
Found a stone staircase leading up.
The endoplasm quivers.
You completely miss the endoplasm. The endoplasm hits you.
* * * LOW HITPOINT WARNING * * *
The quokka closely misses you.
You don't have enough health at the moment.
A dart slug comes into view.
The endoplasm hits you but does no damage.
It was a potion of curing.
You feel better.
The endoplasm hits you but does no damage.
The quokka bites you. The dart slug launches a dart at you.
The slug dart hits you.
* * * LOW HITPOINT WARNING * * *
Found an escape hatch in the ceiling.
The quokka closely misses you. The endoplasm freezes you.
You are frozen.
* * * LOW HITPOINT WARNING * * *
The quokka bites you.
* * * LOW HITPOINT WARNING * * *
The dart slug launches a dart at you. The slug dart hits you.
* * * LOW HITPOINT WARNING * * *
You don't have enough health at the moment.
The quokka barely misses you. The endoplasm freezes you.
You are frozen.
You die...

{#.# .#.. ###..#####
###.# ##......... # ..
.<......... #{ #..
.......... {{{ ##
###.<$...... {
........... { ##
{#####.....w... #{ #..
##....J@....... #
..#####....Sr........
###.##......g.S.........
.#..#.......############
.#.##......{#
†#.#........#
...#....g..{#
#.##........#
#.#.........##########


You could see a gnoll, 2 adders, a dart slug, an endoplasm and a quokka.

Vanquished Creatures
  A gnoll (D:2)
  3 endoplasms
  2 giant cockroaches (D:1)
  4 goblins
  5 hobgoblins
  3 jackals (D:1)
  4 kobolds (D:1)
  2 quokkas (D:1)
  A ball python (D:1)
  4 bats
  2 frilled lizards (D:1)
  5 rats
36 creatures vanquished.

Vanquished Creatures (others)
  2 demonic plants (D:1)
2 creatures vanquished.

Grand Total: 38 creatures vanquished

Notes
Turn   | Place    | Note
-------+----------+-------------------------------------------
     0 | Abyss:1  | quakins the Formicid Abyssal Knight began the quest for the
                  | Orb.
     0 | Abyss:1  | Reached XP level 1. HP: 18/18 MP: 2/2
     1 | D:1      | Escaped the Abyss
   211 | D:1      | Reached XP level 2. HP: 21/24 MP: 3/3
   244 | D:1      | Noticed an Executioner
   250 | D:1      | Reached skill level 3 in Maces & Flails
   251 | D:1      | Found a faded altar of an unknown god.
   636 | D:1      | Reached XP level 3. HP: 29/29 MP: 4/4
  1055 | D:2      | Reached *** piety under Lugonu
  1171 | D:2      | Reached skill level 4 in Maces & Flails
  1171 | D:2      | Reached XP level 4. HP: 35/35 MP: 5/5
  1205 | D:2      | HP: 1/35 [endoplasm (2)]
  1210 | D:2      | Frozen to death by an endoplasm

Illustrated notes

Levels and vault maps discovered:
D:1:      eino_arrival_druids_welcome, layout_loops_ring,
          dreamdust_ecumenical_altar_sealed_demon
D:2:      minmay_general_purpose_star, layout_rooms, minmay_pentomino_p4

Skill      XL: |  1  2  3 |
---------------+----------+-----
Maces & Flails | 3 4 |  4.0
Fighting       | |  3.2
Armour         | |  2.1
Dodging        | |  0.8
Invocations    | |  2.1

Action                   |  1- 3 |  4- 6 || total
-------------------------+-------+-------++-------
Melee: Mace              |   104 |     4 ||   108
Invok: Bend Space        |       |     4 ||     4
 Abil: Dig               |     1 |       ||     1
  Use: Potion            |       |     1 ||     1
Armor: Leather armour    |    37 |       ||    37
       Chain mail        |    14 |     4 ||    18
Dodge: Dodged            |    87 |     7 ||    94
